AoeStats
← WachTraeumer

Arena

509321914Analyzed
2v2 RM · 6d ago on Sep 26, 2026· 54m 19s· 4 players
Game mode
Random Map
Map size
Medium (4 player)
Population
200
Speed
Normal
Resources
Standard
Victory
Conquest
Starting age
Dark Age
Ending age
Imperial Age
RankedLock teamsTeams togetherTeam positionsShared explorationLock speedFull tech treeHidden civsTurbo modeCheats
Victory
Defeat
🇩🇪 Burgundians · Germany
1093
+15
🇦🇺 Portuguese · Australia
1041
+17
🇨🇭 Persians · Switzerland
1069
-16
🇨🇭 Teutons · Switzerland
1056
-16
kriket
11:18 Feudal Age
12:16 Horse Collar
12:46 Stone Mining
16:13 Castle Age
14:45 Loom
19:53 Double-Bit Axe
23:21 Wheelbarrow
25:24 Gold Mining
27:28 Heavy Plow
30:38 Bow Saw
30:35 Scale Barding Armor
30:41 Forging
33:43 Gold Shaft Mining
33:43 Stone Shaft Mining
33:34 Hand Cart
33:05 Town Watch
39:47 Imperial Age
38:52 Iron Casting
38:37 Chain Barding Armor
38:39 Bloodlines
38:30 Husbandry
39:08 Kamandaran
40:37 Crop Rotation
41:23 Two-Man Saw
39:51 Cavalier
40:49 Elite Skirmisher
41:34 Thumb Ring
42:05 Fletching
43:16 Blast Furnace
43:11 Savar
44:20 Conscription
45:21 Crossbowman
47:08 Ballistics
47:35 Plate Barding Armor
46:56 Bodkin Arrow
47:04 Padded Archer Armor
Mamarie
11:27 Feudal Age
12:57 Wheelbarrow
17:16 Castle Age
15:42 Horse Collar
15:50 Double-Bit Axe
15:59 Stone Mining
16:28 Gold Mining
18:15 Pikeman
18:57 Squires
20:15 Heavy Plow
22:11 Scale Mail Armor
22:32 Forging
25:40 Bow Saw
27:57 Hand Cart
33:09 Imperial Age
30:32 Town Watch
30:51 Fletching
31:26 Chain Mail Armor
32:45 Iron Casting
32:51 Bodkin Arrow
33:15 Halberdier
35:22 Chemistry
35:47 Masonry
37:58 Conscription
39:03 Blast Furnace
38:35 Plate Mail Armor
WachTraeumer
4:39 Double-Bit Axe
6:23 Horse Collar
11:17 Feudal Age
15:14 Castle Age
13:34 Bow Saw
13:59 Heavy Plow
14:33 Gold Mining
16:18 Light Cavalry
23:44 Gold Shaft Mining
23:48 Stone Mining
24:19 Fortified Wall
25:31 Stone Shaft Mining
25:35 Wheelbarrow
24:51 Town Watch
27:57 Imperial Age
25:41 Cavalier
26:28 Scale Barding Armor
26:34 Forging
26:46 Husbandry
27:40 Loom
27:40 Town Watch
28:32 Chain Barding Armor
28:49 Iron Casting
29:52 Chemistry
28:43 Paladin
37:34 Plate Barding Armor
38:00 Blast Furnace
37:00 Padded Archer Armor
41:43 Hand Cart
41:29 Town Patrol
41:33 Elite Coustillier
42:19 Burgundian Vineyards
42:34 Conscription
52:22 Flemish Revolution
roganjosh
7:25 Loom
12:43 Feudal Age
14:16 Double-Bit Axe
16:47 Castle Age
17:54 Bow Saw
17:08 Pikeman
31:57 Wheelbarrow
31:08 Town Watch
33:22 Hand Cart
35:07 Fortified Wall
36:53 Gold Mining
36:53 Stone Mining
37:18 Horse Collar
41:16 Imperial Age
38:46 Town Patrol
39:44 Murder Holes
40:09 Ballistics
40:24 Forging
40:14 Scale Mail Armor
41:13 Circumnavigation
41:23 Stone Mining
41:39 Heavy Plow
41:18 Elite Organ Gun
42:19 Conscription
41:29 Halberdier
41:55 Gambesons
41:56 Arson
43:03 Arquebus
43:50 Crop Rotation
45:51 Chemistry
53:51 Siege Engineers
54:23 Iron Casting
54:03 Chain Mail Armor
53:40 Fletching
53:56 Spies/Treason
Connection lost

Rejoining the realm…

Still unreachable

The connection could not be restored.

Session expired

The server has moved on; the page needs a fresh start.